 Dungeon Crawl Stone Soup version 0.31.0-1-g2c135a008e (webtiles) character file.

Game seed: 17510211935138440975

47 qw the Shooter (level 3, 0/29 HPs)
             Began as a Djinni Hunter on Jan 23, 2024.
             Slain by Terence
             ... wielding a +1 short sword of venom
              (3 damage)
             ... on level 2 of the Dungeon.
             The game lasted 00:00:04 (780 turns).

qw the Shooter (Djinni Hunter)                       Turns: 780, Time: 00:00:04

Health: 0/29       AC:  5    Str: 10    XL:     3   Next: 97%
Gold:   59         EV: 11    Int: 10    God:
                   SH:  0    Dex: 18

rFire   + + +        a - +0 shortbow
rCold   x . .        (shield currently unavailable)
rNeg    . . .        g - +0 ring mail
rPois   inf          (no helmet)
rElec   .            (no cloak)
rCorr   .            (no gloves)
SInv    .            (boots unavailable)
Will    .....        (no amulet)
Stlth   +            h - ring of protection from fire
HPRegen 0.24/turn    (no ring)
MPRegen 0.00/turn

%: infuse magic (-1 HP)
@: flying
A: sickness immunity, fire resistance 2, cold vulnerability 1, float, innate
caster, HP casting, extra vitality 1
a: no special abilities


You were on level 2 of the Dungeon.
You visited 1 branch of the dungeon, and saw 2 of its levels.

You collected 59 gold pieces.


Innate Abilities, Weirdness & Mutations

You are immune to sickness and miasma.
You are immune to poison.
Your flesh is very heat resistant. (rF++)
You are vulnerable to cold. (rC-)
You float through the air rather than walking.
You learn spells naturally, not from books.
Your magical power is your life essence.
You have superior vitality. (+4 MHP)


   Skills:
 + Level 2.5 Fighting
 - Level 4.0 Ranged Weapons
 - Level 1.0 Armour
 - Level 2.1 Dodging
 - Level 0.7 Stealth


You knew the following spells:

 Your Spells              Type           Power      Damage    Failure   Level
a - Shock                 Conj/Air       0%         1d3       67%         1
Your spell library was empty.

Inventory:

Hand Weapons
 a - a +0 shortbow (weapon)
Armour
 g - a +0 ring mail (worn)
Jewellery
 h - a ring of protection from fire (left hand)
Potions
 i - a potion of resistance {unknown}

Dungeon Overview and Level Annotations

Branches:
Dungeon (2/15)

Altars:

Annotations:
D:2 Robin, Terence


Message History

You shoot an arrow. The arrow hits Terence.
Terence is moderately wounded.
The hobgoblin no longer looks unusually strong.
Terence says, "Don't bother to defend, it's senseless."
Terence closely misses you. Robin throws the goblin at you!
The goblin barely misses you.
You shoot an arrow. The arrow hits Terence!
Terence is severely wounded.
Terence hits you but does no damage. The goblin closely misses you.
Terence barely misses you. The goblin hits you with a +0 club.
You shoot an arrow. The arrow completely misses Terence.
The arrow closely misses the hobgoblin.
Terence hits you with a +1 short sword of venom.
The goblin hits you with a +0 club.
You shoot an arrow.
The arrow hits Terence but does no damage.
Terence is severely wounded.
Robin roars a battlecry!
The hobgoblin goes into a battle-frenzy!
Terence completely misses you. The goblin hits you but does no damage.
You shoot an arrow. The arrow closely misses Terence.
The arrow hits the hobgoblin.
You kill the hobgoblin!
Terence closely misses you. The goblin hits you with a +0 club.
The goblin barely misses you. Terence barely misses you.
You shoot an arrow. The arrow closely misses Terence.
The arrow barely misses Robin.
The goblin no longer looks unusually strong.
Terence hits you with a +1 short sword of venom.
The goblin closely misses you.
You shoot an arrow. The arrow hits Terence.
Terence is severely wounded.
Terence hits you with a +1 short sword of venom.
The goblin misses you.
You shoot an arrow.
The arrow hits Terence but does no damage.
Terence is severely wounded.
Terence hits you with a +1 short sword of venom.
You die...
Terence says, "That felt goooood."

# #. #..
#...
#...g#######
#..%g@@g.%<#
#....#######
#... #.. #.
#


You could see Terence, Robin, a hobgoblin (strong) and a goblin.

Vanquished Creatures
  3 dart slugs (D:1)
  An orc (D:2)
  2 ball pythons (D:1)
  3 endoplasms
  A giant cockroach (D:1)
  8 goblins
  7 hobgoblins
  A jackal (D:2)
  A bat (D:1)
  3 frilled lizards (D:1)
  2 kobolds (D:1)
  5 rats (D:1)
37 creatures vanquished.

Notes
Turn   | Place    | Note
-------+----------+-------------------------------------------
     0 | D:1      | qw the Djinni Hunter began the quest for the Orb.
     0 | D:1      | Reached XP level 1. HP: 18/18 MP: 0/0
     0 | D:1      | 0 ||| qw: Version: 0.3-a-136-gdd3b4e8
     0 | D:1      | 0 ||| qw: Game counter: 1074
     0 | D:1      | 0 ||| qw: Melee chars always use a shield: true
     0 | D:1      | 0 ||| qw: God list: Okawaru
     0 | D:1      | 0 ||| qw: Allow faded altars: false
     0 | D:1      | 0 ||| qw: Do Orc after clearing Dungeon:15 true
     0 | D:1      | 0 ||| qw: Do second Lair branch before Depths: true
     0 | D:1      | 0 ||| qw: Lair rune preference: random
     0 | D:1      | 0 ||| qw: Goals: Normal
     0 | D:1      | 0 ||| PLANNING D:1-11
    84 | D:1      | Reached XP level 2. HP: 23/23 MP: 0/0
   181 | D:1      | Reached XP level 3. HP: 28/28 MP: 0/0
   181 | D:1      | Learned a level 1 spell: Shock
   206 | D:1      | Reached skill level 4 in Ranged Weapons
   702 | D:1      | 702 ||| UPGRADING to +0 ring mail.
   712 | D:1      | 712 ||| DROPPING +0 leather armour.
   713 | D:1      | 713 ||| UPGRADING to ring of protection from fire.
   714 | D:1      | 714 ||| READING scroll labelled BATHEU JEWAL.
   719 | D:1      | 719 ||| READING scroll labelled GUKELOAW CEMIST.
   720 | D:1      | 720 ||| READING scroll labelled SUGIBE GIHIU.
   721 | D:1      | 721 ||| READING scroll labelled ROAS KYRGHIA.
   721 | D:1      | 721 ||| IDENTIFYING glowing yellow potion
   722 | D:1      | 722 ||| DROPPING scroll of butterflies.
   749 | D:2      | Noticed Robin
   752 | D:2      | Noticed Terence
   763 | D:2      | Reached skill level 1 in Armour
   765 | D:2      | HP: 3/29 [frozen (6)]
   766 | D:2      | 766 ||| DRINKING potion of heal wounds.
   778 | D:2      | HP: 5/29 [Terence/+1 short sword of venom (4)]
   779 | D:2      | HP: 2/29 [Terence/+1 short sword of venom (3)]
   780 | D:2      | Slain by Terence

Levels and vault maps discovered:
D:1:      dpeg_arrival_short_road, layout_basic
D:2:      layout_basic, basic_altar, minmay_tetromino_t2, uniq_robin,
          uniq_terence

Skill      XL: |  1  2  3 |
---------------+----------+-----
Ranged Weapons | 4 |  4.0
Armour         | 1 |  1.0
Fighting       | |  2.5
Dodging        | |  2.1
Stealth        | |  0.7

Action                     || total
---------------------------++-------
   Fire: Shortbow          ||    96
    Use: Scroll            ||     4
         Potion            ||     1
 Armour: Leather armour    ||    11
         Ring mail         ||    19
  Dodge: Dodged            ||    28

Table legend:
 A = Non-vault XP
 B = Vault XP
 C = Vault XP percentage of total XP
 D = Non-vault monster count
 E = Vault monster count
 F = Vault count percentage of total count
                 A         B        C        D         E       F
            +---------+---------+-------+---------+---------+-------
      Total |      53 |      15 |  22.1 |      29 |       8 |  21.6
            +---------+---------+-------+---------+---------+-------
        D:1 |      44 |       0 |   0.0 |      25 |       0 |   0.0
        D:2 |       9 |      15 |  62.5 |       4 |       8 |  66.7
            +---------+---------+-------+---------+---------+-------
